 Dungeon Crawl Stone Soup version 0.29-a0-555-g3b24f45cc1 (webtiles) character file.

Game seed: 13741404868002815056

149 MechDurjaeses the Ducker (level 5, -8/43 HPs)
             Began as a Gnoll Gladiator on June 7, 2022.
             Mangled by an orc warrior
             ... wielding a +0 scimitar
              (9 damage)
             ... on level 4 of the Dungeon.
             The game lasted 00:06:49 (2939 turns).

MechDurjaeses the Ducker (Gnoll Gladiator)          Turns: 2939, Time: 00:06:49

Health: -8/43      AC:  4    Str: 14    XL:     5   Next: 31%
Magic:  7/7        EV: 14    Int:  9    God:
Gold:   113        SH:  0    Dex: 13    Spells: 6/6 levels left

rFire   . . .      SeeInvis .   h - +2 short sword (freeze)
rCold   . . .      Faith    .   (no shield)
rNeg    . . .      Spirit   .   b - +0 leather armour
rPois   .          Reflect  .   c - +0 helmet
rElec   .          Harm     .   (no cloak)
rCorr   .          Rampage  .   (no gloves)
Will    .....                   (no boots)
Stlth   +.........              j - amulet of regeneration
HPRegen 0.94/turn               (no ring)
MPRegen 0.10/turn               (no ring)

@: lethally poisoned (-8 -> -9)
A: fangs 1, strong nose, distributed training
a: no special abilities


You were on level 4 of the Dungeon.
You visited 2 branches of the dungeon, and saw 6 of its levels.

You collected 113 gold pieces.

Inventory:

Hand Weapons
 a - a +0 trident
 h - a +2 short sword of freezing (weapon)
Armour
 b - a +0 leather armour (worn)
 c - a +0 helmet (worn)
 q - a +0 plate armour
Jewellery
 j - an amulet of regeneration (around neck)
Wands
 r - a wand of polymorph (1)
 s - a wand of iceblast (10)
Scrolls
 g - a scroll of fear {unknown}
 i - a scroll of noise {unknown}
 k - a scroll of identify {unknown}
 n - a scroll of silence {unknown}
 o - 2 scrolls of teleportation
 p - a scroll of fog {unknown}
 t - a scroll of blinking {unknown}
Potions
 f - a potion of invisibility {unknown}
 l - 4 potions of curing {unknown}
 m - a potion of haste {unknown}


   Skills:
 + Level 4.7 Fighting
 + Level 1.4 Short Blades
 + Level 1.4 Long Blades
 + Level 1.4 Axes
 + Level 1.4 Maces & Flails
 + Level 6.7 Polearms
 + Level 1.4 Staves
 + Level 1.4 Slings
 + Level 1.4 Bows
 + Level 1.4 Crossbows
 + Level 4.7 Throwing
 + Level 1.4 Armour
 + Level 6.7 Dodging
 + Level 1.4 Stealth
 + Level 1.4 Shields
 + Level 1.4 Unarmed Combat
 + Level 1.4 Spellcasting
 + Level 1.1 Conjurations
 + Level 1.1 Hexes
 + Level 1.1 Summonings
 + Level 1.1 Necromancy
 + Level 1.1 Translocations
 + Level 1.1 Transmutations
 + Level 1.1 Fire Magic
 + Level 1.1 Ice Magic
 + Level 1.1 Air Magic
 + Level 1.1 Earth Magic
 + Level 1.1 Poison Magic
 + Level 1.6 Invocations
 + Level 1.4 Evocations


You had 6 spell levels left.
You didn't know any spells.
Your spell library was empty.

Dungeon Overview and Level Annotations

Branches:
Dungeon (5/15)             Temple (1/1) D:4

Altars:
Ashenzari
Elyvilon
Hepliaklqana
Makhleb
Nemelex Xobeh
Qazlal
Sif Muna
Trog
Vehumet
Wu Jian
Yredelemnul
The Shining One

Annotations:
D:4 Edmund


Innate Abilities, Weirdness & Mutations

You have very sharp teeth.
Your uncanny sense of smell can sniff out nearby items.
Your experience applies equally to all skills.


Message History

Aiming: Polymorph
Press: ? - help, Shift-Dir - straight line, f/p - scorpion
Aim: a scorpion (heavily wounded, will become a swamp drake, a wolf, or a centaur, chance to affect: 52%)
The scorpion evaporates and reforms as a wolf!
You feel very sick. The wolf bites you.
You are too injured to fight recklessly!
You are too injured to fight recklessly!
You feel very sick. The wolf bites you.
* * * LOW HITPOINT WARNING * * *
The wolf bites you.
* * * LOW HITPOINT WARNING * * *
There is a stone staircase leading down here.
As you read the scroll labelled DOGEZXOSAL, it crumbles to dust.
You feel strangely unstable.
It was a scroll of teleportation.
You feel very sick. The wolf bites you.
* * * LOW HITPOINT WARNING * * *
The wolf closely misses you.
* * * LOW HITPOINT WARNING * * *
You feel sick. The wolf barely misses you.
You climb downwards.
* * * LOW HITPOINT WARNING * * *
You feel sick.
Edmund shouts!
The hound barks!
Found a robe.
There is a stone staircase leading up here.
* * * LOW HITPOINT WARNING * * *
You feel sick. The wolf bites you but does no damage.
The wolf barely misses you. Edmund barely misses you.
You climb upwards.
Your surroundings suddenly seem different.
An orc warrior and 2 orcs come into view.
Found a blue potion, 2 boomerangs and a whip.
Found an escape hatch in the ceiling.
You feel sick.
The orc shouts! x2
The orc hits you but does no damage.
The orc warrior hits you with a +0 scimitar!
You die...

.... (.)#
...!. .....
.....#
######.....#
##...........
#...o@o......
#.....o..<....
#.............
#.............
#.............
#.............
##............
##.....#.....


You could see an orc warrior and 2 orcs.

Vanquished Creatures
  Terence (D:3)
  4 adders
  3 worms
  An orc (D:4)
  9 ball pythons
  8 endoplasms
  5 giant cockroaches
  4 goblins
  6 hobgoblins
  2 jackals (D:3)
  3 quokkas
  9 bats
  2 frilled lizards (D:2)
  8 kobolds
  4 rats
69 creatures vanquished.

Notes
Turn   | Place    | Note
-------+----------+-------------------------------------------
     0 | D:1      | MechDurjaeses the Gnoll Gladiator began the quest for the
                  | Orb.
     0 | D:1      | Reached XP level 1. HP: 20/20 MP: 1/1
   198 | D:1      | Reached XP level 2. HP: 26/26 MP: 2/2
   567 | D:1      | Reached XP level 3. HP: 27/31 MP: 3/3
  1306 | D:2      | Reached skill level 1 in Invocations
  1442 | D:2      | Reached skill level 1 in Short Blades
  1442 | D:2      | Reached skill level 1 in Long Blades
  1442 | D:2      | Reached skill level 1 in Axes
  1442 | D:2      | Reached skill level 1 in Maces & Flails
  1442 | D:2      | Reached skill level 1 in Staves
  1442 | D:2      | Reached skill level 1 in Slings
  1442 | D:2      | Reached skill level 1 in Bows
  1442 | D:2      | Reached skill level 1 in Crossbows
  1442 | D:2      | Reached skill level 1 in Armour
  1442 | D:2      | Reached skill level 1 in Stealth
  1442 | D:2      | Reached skill level 1 in Shields
  1442 | D:2      | Reached skill level 1 in Unarmed Combat
  1442 | D:2      | Reached skill level 1 in Spellcasting
  1442 | D:2      | Reached skill level 1 in Evocations
  1442 | D:2      | Reached XP level 4. HP: 38/38 MP: 5/5
  1460 | D:2      | Found a faded altar of an unknown god.
  1771 | D:2      | Reached skill level 1 in Conjurations
  1771 | D:2      | Reached skill level 1 in Hexes
  1771 | D:2      | Reached skill level 1 in Summonings
  1771 | D:2      | Reached skill level 1 in Necromancy
  1771 | D:2      | Reached skill level 1 in Translocations
  1771 | D:2      | Reached skill level 1 in Transmutations
  1771 | D:2      | Reached skill level 1 in Fire Magic
  1771 | D:2      | Reached skill level 1 in Ice Magic
  1771 | D:2      | Reached skill level 1 in Air Magic
  1771 | D:2      | Reached skill level 1 in Earth Magic
  1771 | D:2      | Reached skill level 1 in Poison Magic
  2133 | D:3      | Noticed Terence
  2149 | D:3      | Killed Terence
  2150 | D:3      | Reached XP level 5. HP: 43/43 MP: 5/7
  2798 | D:4      | Found a staircase to the Ecumenical Temple.
  2815 | Temple   | Entered the Ecumenical Temple
  2933 | D:4      | Noticed a wolf
  2933 | D:4      | a scorpion changed into a wolf
  2935 | D:4      | HP: 2/43 [wolf (5)]
  2937 | D:5      | Entered Level 5 of the Dungeon
  2937 | D:5      | Noticed Edmund
  2939 | D:4      | Noticed an orc warrior
  2939 | D:4      | Mangled by an orc warrior

Illustrated notes

Levels and vault maps discovered:
D:1:      dpeg_arrival_concentric_ovals, layout_loops_corners
D:2:      layout_basic, nicolae_ecumenical_snake_handling
D:3:      layout_basic, uniq_terence
D:4:      layout_rooms, nicolae_uskayaw_suspiria,
          minmay_temple_entry_sparse_star, minmay_box_of_dots
D:5:      layout_rooms, nicolae_ru_path_of_blood, uniq_duvessa, uniq_edmund
Temple:   nicolae_temple_hex_pool

Skill      XL: |  1  2  3  4 |
---------------+-------------+-----
Invocations    | 1 |  1.6
Short Blades   | 1 |  1.4
Long Blades    | 1 |  1.4
Axes           | 1 |  1.4
Maces & Flails | 1 |  1.4
Staves         | 1 |  1.4
Slings         | 1 |  1.4
Bows           | 1 |  1.4
Crossbows      | 1 |  1.4
Armour         | 1 |  1.4
Stealth        | 1 |  1.4
Shields        | 1 |  1.4
Unarmed Combat | 1 |  1.4
Spellcasting   | 1 |  1.4
Evocations     | 1 |  1.4
Conjurations   | 1 |  1.1
Hexes          | 1 |  1.1
Summonings     | 1 |  1.1
Necromancy     | 1 |  1.1
Translocations | 1 |  1.1
Transmutations | 1 |  1.1
Fire Magic     | 1 |  1.1
Ice Magic      | 1 |  1.1
Air Magic      | 1 |  1.1
Earth Magic    | 1 |  1.1
Poison Magic   | 1 |  1.1
Fighting       | |  4.7
Polearms       | |  6.7
Throwing       | |  4.7
Dodging        | |  6.7

Action                   |  1- 3 |  4- 6 || total
-------------------------+-------+-------++-------
Melee: Trident           |    35 |       ||    35
       Bite              |     8 |    10 ||    18
       Short sword       |    59 |    95 ||   154
       Unarmed           |       |    10 ||    10
       Punch             |       |     1 ||     1
Throw: Throwing net      |       |     3 ||     3
       Javelin           |       |     1 ||     1
Evoke: Wand              |       |     1 ||     1
  Use: Scroll            |       |     1 ||     1
 Stab: Sleeping          |     1 |     3 ||     4
       Held in net/web   |       |     1 ||     1
Armor: Leather armour    |    28 |    22 ||    50
       Skin              |       |     1 ||     1
Dodge: Dodged            |    72 |   103 ||   175

Table legend: (Time is in decaauts)
 A = Elapsed time spent in this place.
 B = Non-inter-level travel time spent in this place.
 C = Inter-level travel time spent in this place.
 D = Time resting spent in this place.
 E = Time spent auto-exploring this place.
 F = Levels seen in this place.
 G = Mean time per level.
                   A        B        C        D        E       F      G
               +--------+--------+--------+--------+--------+-----+--------+
         Total |   2944 |   2720 |    224 |    112 |   2107 |   6 |  490.7 |
       Dungeon |   2852 |   2647 |    205 |    112 |   2046 |   5 |  570.4 |
        Temple |     91 |     72 |     19 |      0 |     61 |   1 |   91.0 |
               +--------+--------+--------+--------+--------+-----+--------+

Top non-repeatable levels by time:
     D:1: 1291 daAuts
     D:3: 807 daAuts
     D:2: 704 daAuts
  Temple: 91 daAuts
     D:4: 47 daAuts
     D:5: 1 daAuts
